 Dungeon Crawl Stone Soup version 0.29.1-15-g9cfb28693d (webtiles) character file.

Game seed: 17313969653928102829

180 nickaroo1289 the Chopper (level 5, 0/69 HPs)
             Began as a Minotaur Berserker on Mar 15, 2023.
             Was a Priest of Trog.
             Slain by an ice beast (11 damage)
             ... on level 4 of the Dungeon.
             The game lasted 00:16:14 (2632 turns).

nickaroo1289 the Chopper (Minotaur Berserker)       Turns: 2632, Time: 00:16:15

Health: 0/69       AC:  4    Str: 24    XL:     5   Next: 33%
Magic:  4/4        EV: 11    Int:  4    God:    Trog [***...]
Gold:   132        SH:  3    Dex:  9    Spells: 4/4 levels left

rFire   . . .      SeeInvis .   a - +0 hand axe
rCold   . . .      Faith    .   f - +0 buckler
rNeg    . . .      Spirit   .   b - +1 animal skin
rPois   .          Reflect  .   (helmet restricted)
rElec   .          Harm     .   (no cloak)
rCorr   .          Rampage  .   e - +0 pair of gloves
Will    .....                   (no boots)
Stlth   ..........              (no amulet)
HPRegen 0.21/turn               t - +4 ring of slaying
MPRegen 0.09/turn               (no ring)

@: berserking, very quick
A: horns 2, retaliatory headbutt
a: Renounce Religion, Berserk, Trog's Hand


You were on level 4 of the Dungeon.
You worshipped Trog.
Trog was most pleased with you.
You visited 1 branch of the dungeon, and saw 4 of its levels.

You collected 132 gold pieces.

Inventory:

Hand Weapons
 a - a +0 hand axe (weapon)
Missiles
 h - 6 poisoned darts (quivered)
Armour
 b - a +1 animal skin (worn)
 e - a +0 pair of gloves (worn)
 f - a +0 buckler (worn)
 C - a +0 scale mail
 E - a +0 leather armour
 G - a +0 ring mail
Jewellery
 j - a ring of magical power
 p - a ring of magical power
 t - a +4 ring of slaying (left hand)
 v - a +6 ring of intelligence
Scrolls
 B - a scroll of teleportation
 F - 2 scrolls of amnesia
Potions
 c - a potion of cancellation
 d - a potion of attraction
 g - a potion of lignification {unknown}
 n - a potion of brilliance {unknown}
 o - a potion of mutation {unknown}
 q - a potion of resistance {unknown}
 r - a potion of heal wounds {unknown}
 u - 2 potions of degeneration
 w - a potion of invisibility
 z - 2 potions of curing
 H - a potion of magic {unknown}


   Skills:
 + Level 4.3 Fighting
 * Level 6.4 Axes
 + Level 2.8 Armour
 + Level 2.6 Dodging
 - Level 0.1 Stealth
 * Level 0.8 Shields


You had 4 spell levels left.
You didn't know any spells.
Your spell library was empty.

Dungeon Overview and Level Annotations

Branches:
Dungeon (4/15)
 Temple: D:4-7

Altars:

Annotations:
D:4 promet's ghost, amateur MiFi


Innate Abilities, Weirdness & Mutations

You have a pair of horns on your head.
You reflexively headbutt those who attack you in melee.


Message History

You slash the hound simulacrum!
The hound simulacrum vaporises!
Trog accepts your kill.
You hit the quokka simulacrum.
The quokka simulacrum vaporises!
Trog accepts your kill.
Promet's ghost makes a sound of rattling chains.
Press: ? - help, v - describe, . - travel The floor.
There is a cloud of freezing vapour here.
Press: ? - help, v - describe, . - travel The floor.
Press: ? - help, v - describe, . - travel
Here: an ice beast The floor.
There are monsters nearby!
You closely miss promet's ghost.
You headbutt promet's ghost, but do no damage.
You closely miss the ice beast. The ice beast hits you.
The ice beast freezes you! Promet's ghost barely misses you.
You completely miss promet's ghost. You completely miss the ice beast.
You barely miss the scorpion simulacrum.
You block promet's ghost's attack.
The ice beast hits you but does no damage.
The scorpion simulacrum hits you but does no damage.
The ice beast attacks as you move away! You block the ice beast's attack.
Promet's ghost attacks as you move away!
Promet's ghost hits you!!
* * * LOW HITPOINT WARNING * * *
Promet's ghost hits you.
* * * LOW HITPOINT WARNING * * *
You barely miss the ice beast. You headbutt the ice beast!
The ice beast is moderately wounded.
You hit promet's ghost.
Promet's ghost hits you but does no damage.
A red film seems to cover your vision as you go berserk!
You feel yourself moving faster!
You feel mighty! The ice beast hits you.
* * * LOW HITPOINT WARNING * * *
The ice beast freezes you!
You die...

##.......##§§§§. #
##.........#§§§§. #.
#..........##§§§. .##.
##....####...#....
.....#...###)$##..##...
.....#..##..... #..#...
.....#..#...=.. ..#...
....##.Z#...... ..#...
... #.@Y.....## . #...
## ##.WZ...... #..##
###..####. #(. ### .#
.. .. .


You could see an ice beast, promet's ghost, a quokka simulacrum and a scorpion
simulacrum.

Vanquished Creatures
  A necrophage (D:4)
  5 adders
  A hound simulacrum (D:4)
  2 orcs (D:3)
  2 ball pythons
  9 bats
  4 endoplasms
  7 goblins
  6 hobgoblins
  3 jackals (D:2)
  4 quokkas
  9 frilled lizards
  4 kobolds
  A quokka simulacrum (D:4)
  5 rats
63 creatures vanquished.

Notes
Turn   | Place    | Note
-------+----------+-------------------------------------------
     0 | D:1      | nickaroo1289 the Minotaur Berserker began the quest for the
                  | Orb.
     0 | D:1      | Reached XP level 1. HP: 19/19 MP: 0/0
    93 | D:1      | Reached skill level 4 in Axes
    97 | D:1      | Reached XP level 2. HP: 21/27 MP: 1/1
   764 | D:1      | Reached ** piety under Trog
  1163 | D:2      | Reached XP level 3. HP: 12/33 MP: 2/2
  1508 | D:2      | Found a faded altar of an unknown god.
  2054 | D:3      | Reached skill level 5 in Axes
  2092 | D:3      | Reached XP level 4. HP: 36/40 MP: 3/3
  2527 | D:4      | Noticed a necrophage
  2534 | D:4      | Killed a necrophage
  2535 | D:4      | Reached skill level 6 in Axes
  2535 | D:4      | Reached XP level 5. HP: 44/46 MP: 4/4
  2597 | D:4      | Found a runed translucent gate.
  2597 | D:4      | Found a runed translucent gate.
  2599 | D:4      | Found a runed translucent gate.
  2622 | D:4      | Noticed promet's ghost (amateur MiFi)
  2622 | D:4      | Noticed an ice beast
  2624 | D:4      | Reached *** piety under Trog
  2632 | D:4      | Slain by an ice beast

Illustrated notes

Levels and vault maps discovered:
D:1:      ebering_trefoil_twist, layout_basic, minmay_lizard_pond
D:2:      layout_basic, dreamdust_ecumenical_altar_statues
D:3:      layout_rooms, st_stairs_5
D:4:      layout_basic, chei_slow_surprise,
          mainiacjoe_overflow_concentric_impassable, amcnicky_altar_gilded,
          gammafunk_ghost_icy, uniq_duvessa

Skill      XL: |  1  2  3  4 |
---------------+-------------+-----
Axes           | 4 5 6 |  6.4
Fighting       | 4 |  4.3
Armour         | |  2.8
Dodging        | |  2.6
Stealth        | |  0.1
Shields        | |  0.8

Action                   |  1- 3 |  4- 6 || total
-------------------------+-------+-------++-------
Melee: Hand axe          |    69 |    27 ||    96
       Headbutt          |     2 |     5 ||     7
       Punch             |     1 |       ||     1
Throw: Dart              |     1 |       ||     1
Invok: Berserk           |       |     2 ||     2
  Use: Scroll            |     9 |     2 ||    11
Armor: Animal skin       |    21 |     8 ||    29
       Scale mail        |     2 |       ||     2
Dodge: Dodged            |    45 |    11 ||    56
Block: Buckler           |     3 |     4 ||     7
